 Dungeon Crawl Stone Soup version 0.13.1-25-g341c717 (webtiles) character file.

817 Chiseanne the Ducker (level 7, -4/66 HPs)
             Began as a Troll Hunter on Jan 15, 2014.
             Was an Initiate of Okawaru.
             Slain by a sky beast (6 damage)
             ... while paralysed by a potion of paralysis
             ... on Level 4 of the Dungeon.
             The game lasted 00:14:20 (3438 turns).

Chiseanne the Ducker (Troll Hunter)                 Turns: 3438, Time: 00:14:20

HP  -4/66        AC  5     Str 23      XL: 7   Next: 23%
MP   2/2         EV  1     Int  9      God: Okawaru [......]
Gold 192         SH  0     Dex 10      Spells:  0 memorised,  6 levels left

Res.Fire  : . . .   See Invis. : .   k - +1,+7 orc dagger
Res.Cold  : . . .   Warding    : .   D - +0 animal skin
Life Prot.: . . .   Conserve   : .   (shield restricted)
Res.Poison: +       Res.Corr.  : .   (helmet restricted)
Res.Elec. : .       Clarity    : .   (no cloak)
Sust.Abil.: . .     Spirit.Shd : .   (gloves unavailable)
Res.Mut.  : .       Stasis     : .   (boots unavailable)
Res.Rott. : .       Flight     : .   (no amulet)
Gourmand  : +                        t - ring of protection from magic
                                     z - ring of poison resistance

@: paralysed, quite resistant to hostile enchantments, unstealthy
A: unfitting armour, antennae 1, claws 3, fast metabolism 3, gourmand,
regeneration 2, saprovore 2, tough skin 2, evolution 1, AC +1, Int +2
a: Renounce Religion


You were on level 4 of the Dungeon.
You worshipped Okawaru.
Okawaru was noncommittal.
You were full.

You visited 2 branches of the dungeon, and saw 6 of its levels.

You collected 172 gold pieces.

Inventory:

Hand weapons
 j - a +1,+1 orcish battleaxe
 k - a +1,+7 orcish dagger (weapon)
 s - a +0 blowgun
Missiles
 b - 5 large rocks (quivered)
 c - 5 throwing nets
 f - 40 poisoned needles
 i - 12 darts
 B - 14 steel darts
Armour
 D - a +0 animal skin (worn)
Magical devices
 q - a wand of enslavement (10)
Comestibles
 a - 4 meat rations
 m - 2 bread rations
Scrolls
 e - 2 scrolls of identify
 g - 2 scrolls of remove curse
 h - 2 scrolls of magic mapping {unknown}
 v - a scroll of recharging {unknown}
 w - a scroll of blinking {unknown}
 x - a scroll of random uselessness {unknown}
 y - a scroll of enchant weapon II {unknown}
 A - a scroll of enchant armour {unknown}
Jewellery
 d - an uncursed ring of protection from magic
 l - an uncursed ring of flight
 t - a ring of protection from magic (right claw)
 z - a ring of poison resistance (left claw)
Potions
 n - a potion of poison {unknown}
 o - a potion of heal wounds {unknown}
 p - 2 potions of paralysis
 r - a potion of brilliance {unknown}
 u - 2 potions of porridge {unknown}


   Skills:
 * Level 2.7 Fighting
 * Level 0.7 Axes
 * Level 5.0 Throwing
 * Level 5.3 Dodging
 - Level 0.4 Stealth
 - Level 1.0 Unarmed Combat


You had 6 spell levels left.
You didn't know any spells.

Dungeon Overview and Level Annotations

Branches:
Dungeon (5/27)             Temple (1/1) D:4

Altars:
Ashenzari
Cheibriados
Elyvilon
Fedhas
Kikubaaqudgha
Nemelex Xobeh
Okawaru
Sif Muna
Trog
Vehumet
Xom
Yredelemnul
Zin
the Shining One


Innate Abilities, Weirdness & Mutations

You are too large for most types of armour.
You have claws for hands.
Your metabolism is lightning-fast.
You like to eat raw meat.
You heal very quickly.
You can eat rotten meat.
You are covered in fur (AC +1).
You have very tough skin (AC +2).
You have a pair of small antennae on your head.
Your mind is acute. (Int +2)
You evolve.


Message History

Reactivating autopickup.
There is a stone staircase leading up here.
The sky beast hits you but does no damage.
You climb upwards.
There is a stone staircase leading down here.
The sky beast flickers out of sight!
Deactivating autopickup; reactivate with Ctrl-A.
A sky beast appears from thin air!
Reactivating autopickup.
The sky beast barely misses you.
Drink which item? (? for menu, Esc to quit)
You suddenly lose the ability to move!
It was a potion of paralysis.
The sky beast hits you.
* * * LOW HITPOINT WARNING * * *
The sky beast shocks you!
* * * LOW HITPOINT WARNING * * *
The sky beast hits you.
* * * LOW HITPOINT WARNING * * *
The sky beast shocks you!
You die...

#...[....###.##############
#..........................
#........#####.............
#........# #.......######
#..####### #.........)... #..#
########......)...... ###
#######....................
##8###.###⌠#.######.....<.......
#⌠.#.#.#.#.8...@I...............
#............######..>..........
#_...........# #.............
#..#.#.#.#.8## ######.#......
##_#.#8###### #.........
########### #.........
#..#...############.........
#..#........................
#..#...#####################


You could see a sky beast.

Vanquished Creatures
  Purgy (D:3)
  An ogre (D:4)
  Blork the orc (D:3)
  2 orc priests
  An iguana (D:4)
  An orc wizard (D:3)
  2 worker ants
  6 adders
  A gnoll (D:1)
  A giant mite (D:3)
  An inept feature mimic (D:4)
  3 worms
  9 giant geckos
  10 orcs (D:3)
  2 bat skeletons (D:4)
  5 giant cockroaches
  8 goblins
  11 hobgoblins
  10 jackals
  5 ball pythons
  9 bats
  10 giant newts
  A giant newt skeleton (D:4)
  A hobgoblin skeleton (D:4)
  17 kobolds
  3 quokkas (D:3)
  4 rats
126 creatures vanquished.

Notes
Turn   | Place    | Note
--------------------------------------------------------------
     0 | D:1      | Chiseanne, the Troll Hunter, began the quest for the Orb.
     0 | D:1      | Reached XP level 1. HP: 20/20 MP: 0/0
   206 | D:1      | Reached skill level 4 in Throwing
   207 | D:1      | Reached XP level 2. HP: 26/28 MP: 0/0
   433 | D:1      | Reached XP level 3. HP: 35/35 MP: 1/1
   933 | D:2      | Reached XP level 4. HP: 34/42 MP: 1/1
  1887 | D:3      | Reached XP level 5. HP: 50/50 MP: 1/1
  1945 | D:3      | Found a bloodstained altar of Trog.
  2354 | D:4      | Noticed Purgy
  2363 | D:3      | Gained mutation: You evolve. [potion of mutation]
  2363 | D:3      | Gained mutation: Your mind is acute. (Int +2) [potion of mutation]
  2363 | D:3      | Gained mutation: You have a pair of small antennae on your head. [potion of mutation]
  2370 | D:4      | Noticed Blork the orc
  2391 | D:3      | Killed Purgy
  2391 | D:3      | Reached XP level 6. HP: 34/58 MP: 2/2
  2443 | D:3      | Killed Blork the orc
  2624 | D:4      | Noticed an ogre
  2635 | D:4      | Killed an ogre
  2635 | D:4      | Reached skill level 5 in Throwing
  2635 | D:4      | Reached skill level 5 in Dodging
  2635 | D:4      | Reached XP level 7. HP: 45/66 MP: 2/2
  2731 | D:4      | Found a staircase to the Ecumenical Temple.
  2752 | Temple   | Entered the Ecumenical Temple
  2881 | Temple   | Became a worshipper of Warmaster Okawaru
  3379 | D:4      | Found a glowing silver altar of Zin.
  3384 | D:4      | Found a bloodstained altar of Trog.
  3407 | D:5      | Entered Level 5 of the Dungeon
  3424 | D:5      | HP: 2/66 [something (6)]
  3437 | D:4      | Paralysed by a potion of paralysis for 2 turns
  3437 | D:4      | HP: 3/66 [sky beast (6)]
  3438 | D:4      | Slain by a sky beast

Action                   |  1- 3 |  4- 6 |  7- 9 || total
-------------------------+-------+-------+-------++-------
Melee: Unarmed           |    70 |       |       ||    70
       Dagger            |    26 |   216 |    93 ||   335
Throw: Large rock        |     2 |     8 |     1 ||    11
       Dart              |       |       |     2 ||     2
Evoke: Wand              |       |     2 |       ||     2
  Use: Scroll            |       |     2 |     1 ||     3
       Potion            |       |     2 |     1 ||     3
 Stab: Sleeping          |     1 |       |       ||     1
